 Dungeon Crawl Stone Soup version 0.26.1-11-gd32895ea62 (webtiles) character file.

Game seed: 1642951567539158472

1151 alphasmart the Conjurer (level 8, -4/60 HPs)
             Began as a Yellow Draconian Conjurer on May 6, 2021.
             Slain by Sigmund
             ... wielding a +2 antimagic scythe
              (9 damage)
             ... on level 5 of the Dungeon on May 7, 2021.
             The game lasted 00:43:00 (5028 turns).

alphasmart the Conjurer (Yellow Draconian Conjurer) Turns: 5028, Time: 00:43:01

Health: -4/60      AC:  8    Str:  9    XL:     8   Next: 15%
Magic:  8/16       EV: 13    Int: 20    God:
Gold:   180        SH:  0    Dex: 11    Spells: 12/18 levels left

rFire    . . .     SeeInvis .   j - +0 quarterstaff
rCold    . . .     Faith    .   (shield currently unavailable)
rNeg     . . .     Spirit   .   (armour unavailable)
rPois    .         Reflect  .   (helmet restricted)
rElec    .         Harm     .   (no cloak)
rCorr    +         Rampage  .   (no gloves)
Will     .....                  f - +1 pair of boots
Stlth    ++........             (no amulet)
HPRegen  0.20/turn              (no ring)
MPRegen  0.15/turn              (no ring)

@: very slightly contaminated
A: spit acid, unfitting armour, cold-blooded, acid resistance, AC +6
a: Breathe Acid


You were on level 5 of the Dungeon.
You visited 1 branch of the dungeon, and saw 5 of its levels.

You collected 180 gold pieces.

Inventory:

Hand Weapons
 a - a +0 spear
 b - a +1 hand axe of freezing
 c - a +0 hunting sling
 j - a +0 quarterstaff (weapon)
 r - a +1 dagger of venom
 s - a +0 trident
Missiles
 d - 53 sling bullets
Armour
 f - a +1 pair of boots (worn)
Scrolls
 g - 2 scrolls of enchant weapon
 i - a scroll of amnesia {unknown}
 m - 4 scrolls of remove curse {unknown}
 n - a scroll of immolation
 o - a scroll of blinking {unknown}
 q - a scroll of random uselessness {unknown}
 t - a scroll of teleportation {unknown}
 v - 2 scrolls of identify
Potions
 h - 2 potions of invisibility
 k - a potion of lignification {unknown}
 l - 2 potions of brilliance {unknown}
 p - a potion of degeneration {unknown}
 u - a potion of might


   Skills:
 + Level 1.7 Fighting
 + Level 2.8(3.1) Polearms
 + Level 1.7(2.5) Staves
 + Level 2.8 Dodging
 + Level 3.0 Stealth
 * Level 5.5 Spellcasting
 * Level 6.8 Conjurations


You had 12 spell levels left.
You knew the following spells:

 Your Spells              Type           Power        Failure   Level
a - Magic Dart            Conj           100%         1%          1
b - Searing Ray           Conj           64%          1%          2
c - Dazzling Flash        Conj/Hex       38%          9%          3

Your spell library contained the following spells:

 Spells                   Type           Power        Failure   Level
 Fulminant Prism          Conj/Hex       9%           26%         4
 Iskenderun's Mystic Bla  Conj/Tloc      19%          26%         4


Dungeon Overview and Level Annotations

Branches:
Dungeon (5/15)
 Temple: D:4-7

Altars:
Nemelex Xobeh
Trog
Xom

Annotations:
D:5 Sigmund


Innate Abilities, Weirdness & Mutations

You can spit globs of acid.
Your golden yellow scales are hard. (AC +6)
You cannot fit into any form of body armour.
You are cold-blooded and may be slowed by cold attacks.
You are resistant to acid. (rCorr)


Message History

Something hits you.
* * * LOW HITPOINT WARNING * * *
You hear the slow rusting of a very distant drain.
Casting: Searing Ray (safe; 1% risk of failure)
Confirm with . or Enter, or press ? or * to list all spells.
You can't see any susceptible monsters within range! (Use Z to cast anyway.)
Casting: Searing Ray (safe; 1% risk of failure)
Confirm with . or Enter, or press ? or * to list all spells.
You don't know that spell.
Something barely misses you.
Casting: Searing Ray (safe; 1% risk of failure)
Confirm with . or Enter, or press ? or * to list all spells.
You can't see any susceptible monsters within range! (Use Z to cast anyway.)
Casting: Searing Ray (safe; 1% risk of failure)
Confirm with . or Enter, or press ? or * to list all spells.
You don't know that spell.
You miss something.
As you read the scroll of fog, it crumbles to dust.
The scroll dissolves into smoke.
Something hits you!
You die...

.... #.# #.#
#....##.#### #.#
#..(..†....# #.#
##.#.##.##.###.#
# #......#.#
#..#.#.#.###
#..).((((§§#
##.###.###{#
#.....# #@#
####... #§#
......#§#
##...##.#
##.###.# .
##<...# ...
#.#### #'# #.#
#.# #.#


There were no monsters in sight!

Vanquished Creatures
  The ghost of funkygono the Firebug, a novice GrFE (D:4)
  The ghost of 15bullets the Poker, an amateur DsGl (D:4)
  2 ogres
  2 phantoms (D:4)
  A centaur (D:5)
  A howler monkey (D:5)
  2 orc priests (D:3)
  A hound (D:4)
  A worker ant (D:4)
  A hound skeleton (D:5)
  6 adders
  A shadow imp (D:5)
  2 oozes
  An adder skeleton (D:4)
  An adder zombie (D:5)
  2 worms
  2 dart slugs (D:1)
  5 leopard geckos
  4 orcs
  A ball python (D:1)
  10 bats
  6 giant cockroaches
  2 goblins
  11 hobgoblins
  2 quokkas (D:2)
  A frilled lizard (D:1)
  5 kobolds
  A leopard gecko skeleton (D:4)
  6 rats
82 creatures vanquished.

Vanquished Creatures (others)
  An orc (D:3)
  A kobold (D:1)
  3 withered plants (D:4)
5 creatures vanquished.

Grand Total: 87 creatures vanquished

Notes
Turn   | Place    | Note
-------+----------+-------------------------------------------
     0 | D:1      | alphasmart the Draconian Conjurer began the quest for the
                  | Orb.
     0 | D:1      | Reached XP level 1. HP: 14/14 MP: 3/3
   202 | D:1      | Reached XP level 2. HP: 8/20 MP: 5/5
   695 | D:1      | Reached skill level 1 in Polearms
   823 | D:1      | Reached XP level 3. HP: 19/26 MP: 2/6
   839 | D:1      | Learned a level 2 spell: Searing Ray
  1204 | D:2      | Learned a level 3 spell: Dazzling Flash
  1293 | D:2      | HP: 1/27 [poisoned by an adder]
  1736 | D:2      | Reached XP level 4. HP: 28/34 MP: 4/7
  1963 | D:2      | Found a shimmering altar of Xom.
  2254 | D:3      | Noticed an ogre
  2260 | D:3      | Killed an ogre
  2261 | D:3      | Reached skill level 1 in Fighting
  2261 | D:3      | Reached XP level 5. HP: 40/40 MP: 0/9
  2975 | D:3      | Reached skill level 5 in Conjurations
  2995 | D:3      | Reached XP level 6. HP: 18/47 MP: 0/10
  3991 | D:4      | Your scales start taking on a golden yellow colour.
  3991 | D:4      | Reached XP level 7. HP: 52/52 MP: 3/13
  3991 | D:4      | Gained mutation: You are resistant to acid. (rCorr) [Yellow
                  | Draconian growth]
  4124 | D:4      | Found a bloodstained altar of Trog.
  4301 | D:4      | Found a sparkling altar of Nemelex Xobeh.
  4363 | D:4      | Found a runed translucent gate.
  4363 | D:4      | Found a runed translucent gate.
  4363 | D:4      | Found a runed translucent gate.
  4367 | D:4      | Noticed funkygono's ghost (novice GrFE)
  4367 | D:4      | Noticed 15bullets's ghost (amateur DsGl)
  4387 | D:4      | Killed 15bullets's ghost
  4388 | D:4      | Reached skill level 1 in Staves
  4388 | D:4      | Reached skill level 6 in Conjurations
  4388 | D:4      | Killed funkygono's ghost
  4389 | D:4      | Reached skill level 5 in Spellcasting
  4389 | D:4      | Reached XP level 8. HP: 19/60 MP: 3/15
  4876 | D:5      | Entered Level 5 of the Dungeon
  4993 | D:5      | Noticed Sigmund
  4996 | D:5      | HP: 3/60 [Sigmund/magic dart (8)]
  5028 | D:5      | Slain by Sigmund

Illustrated notes

Levels and vault maps discovered:
D:1:      minmay_arrival_hallway, layout_basic, minmay_quantized
D:2:      layout_basic, old_standard_altar
D:3:      layout_basic
D:4:      layout_basic, kennysheep_mini, gammafunk_ghost_cemetery,
          trog_three_pillars_becter
D:5:      layout_loops_corners, nicolae_overflow_hidden_temple,
          grunt_temple_overflow_order_and_chaos_2, portal_sewer_entry_f,
          uniq_ijyb, uniq_sigmund, uniq_edmund

Skill      XL: |  1  2  3  4  5  6  7  8 |
---------------+-------------------------+-----
Dodging        | 2 |  2.8
Polearms       | 1 2 |  2.8
Stealth        | 2 3 |  3.0
Fighting       | 1 |  1.7
Spellcasting   | 3 4 5 |  5.5
Conjurations   | 5 6 |  6.8
Staves         | 1 |  1.7

Action                   |  1- 3 |  4- 6 |  7- 9 || total
-------------------------+-------+-------+-------++-------
Melee: Spear             |    91 |    23 |       ||   114
       Unarmed           |     4 |       |       ||     4
       Tailslap          |     8 |     2 |       ||    10
       Quarterstaff      |       |    31 |    22 ||    53
 Cast: Magic Dart        |    22 |    78 |    21 ||   121
       Searing Ray       |     5 |     7 |     6 ||    18
 Abil: Breathe Acid      |       |       |     1 ||     1
  Use: Potion            |     4 |     2 |     3 ||     9
       Scroll            |     2 |     1 |     1 ||     4
 Stab: Sleeping          |     1 |       |     1 ||     2
       Invisible         |       |     1 |       ||     1
Armor: Skin              |    60 |    23 |    13 ||    96
Dodge: Dodged            |    89 |    48 |    18 ||   155
